Map: Ruins of Seras

Players

Nerchio

  • Race: Zerg Zerg
  • League: Grandmaster

LiquidTLO (TLO) - Winner!

  • Race: Zerg Zerg
  • League: Grandmaster

Event: DreamHack ROCCAT LotV Championship

VOD

Have the link to the VOD?

Description

Time

  • Played on: Nov. 26, 2015, 12:02 p.m.
  • Length: 16:30

All games in this series

Show
View Real Time Build Order
Export as new Build Order

Nerchio Zerg 

Build Orders: Hatch First 

Get SALT Encoding   

  12  0:00  Drone  
  13  0:12  Overlord  
  13  0:17  Drone  
  14  0:31  Drone x2  
  14  0:34  Drone  
  17  0:53  Hatchery  
  17  0:57  Drone  
  17  1:00  Drone  
  18  1:04  Extractor  
  17  1:16  Spawning Pool  
  16  1:20  Drone  
  16  1:23  Drone  
  18  1:28  Drone  
  19  1:38  Overlord  
  19  1:51  Drone  
  20  2:03  Zergling x2, Queen  
  20  2:05  Queen  
  25  2:10  Metabolic Boost  
  25  2:14  Drone  
  26  2:17  Drone  
  26  2:20  Drone  
  28  2:26  Evolution Chamber  
  28  2:28  Drone  
  28  2:31  Drone  
  28  2:35  Drone  
  30  2:40  Drone  
  31  2:45  Drone  
  31  2:49  Overlord  
  32  2:52  Zerg Melee Weapons Level 1  
  32  2:59  Zergling x2  
  32  3:03  Zergling x2  
  34  3:06  Spine Crawler, Zergling x2  
  34  3:12  Baneling Nest, Zergling x2  
  34  3:13  Zergling x2  
  34  3:15  Zergling x2  
  34  3:18  Zergling x2  
  37  3:21  Zergling x2  
  37  3:24  Zergling x2  
  37  3:26  Zergling x2  
  39  3:30  Zergling x4  
  39  3:33  Zergling x2  
  41  3:38  Overlord  
  41  3:43  Overlord  
  41  3:52  Drone  
  41  3:53  Drone  
  41  3:54  Drone  
  41  3:55  Overlord  
  44  4:01  Drone  
  44  4:02  Drone  
  45  4:04  Drone  
  39  4:11  Zergling x2  
  39  4:13  Queen  
  39  4:15  Zergling x2  
  42  4:24  Zergling x4  
  42  4:27  Zergling x4  
  42  4:28  Zergling x2  
  46  4:32  Zergling x2  
  46  4:33  Queen  
  46  4:37  Zergling x2  
  50  4:39  Baneling x2  
  50  4:44  Zergling x2  
  51  4:46  Zerg Ground Armor Level 1  
  51  4:49  Zergling x2  
  51  4:56  Zergling x8  
  55  5:02  Zergling x8  
  55  5:06  Baneling x3  
  59  5:11  Zergling x2  
  59  5:12  Zergling x2  
  61  5:18  Zergling x2  
  59  5:25  Zergling x6  
  59  5:26  Zergling x2  
  57  5:32  Baneling x2  
  57  5:33  Zergling x2  
  57  5:35  Zergling x2  
  58  5:36  Zergling x6  
  58  5:39  Baneling x3  
  60  5:47  Zergling x2  
  60  5:51  Zergling x2  
  60  5:55  Zergling x6  
  62  5:59  Zergling x6  
  62  6:02  Zergling x2  
  57  6:12  Zergling x4  
  57  6:15  Hatchery, Baneling x4  
  54  6:21  Zergling x6  
  54  6:24  Zergling x2  
  58  6:27  Zergling x4  
  58  6:32  Zergling x2  
  61  6:33  Zergling x2  
  62  6:41  Zergling x4  
  62  6:44  Zergling x2  
  62  6:47  Baneling, Zergling x2  
  58  6:48  Baneling x2  
  58  6:49  Zergling x2  
  58  6:50  Zergling x2  
  58  6:52  Zergling x2  
  58  6:56  Zergling x4  
  58  6:57  Zergling x2  
  58  6:59  Baneling  
  58  7:00  Zergling x2  
  58  7:03  Zergling x2  
  58  7:07  Baneling  
  58  7:08  Zergling x2  
  60  7:10  Zergling x2  
  58  7:18  Zergling x2  
  58  7:19  Zergling x2  
  58  7:20  Zergling x4  
  58  7:21  Zergling x2  
  57  7:26  Zergling x2  
  57  7:27  Baneling  
  57  7:28  Zergling x4  
  59  7:33  Zergling x2  
  55  7:38  Baneling x2  
  55  7:39  Drone x2  
  55  7:40  Drone  
  58  7:45  Drone  
  58  7:46  Drone x2  
  58  7:49  Drone  
  58  7:50  Drone  
  62  7:53  Drone  
  62  7:55  Drone  
  58  7:58  Drone  
  58  8:00  Drone  
  58  8:02  Drone  
  58  8:04  Drone  
  57  8:06  Zergling x2  
  57  8:09  Zergling x2  
  57  8:11  Drone x2  
  60  8:15  Zergling x4  
  60  8:19  Extractor  
  61  8:20  Extractor, Baneling x2  
  61  8:25  Drone x3  
  63  8:27  Extractor  
  63  8:29  Drone  
  63  8:31  Drone  
  63  8:32  Drone x2  
  63  8:34  Drone x2  
  67  8:36  Drone  
  67  8:40  Lair  
  68  8:42  Drone  
  69  8:48  Queen  
  69  8:49  Drone x2  
  69  8:50  Drone  
  69  8:51  Drone  
  69  8:53  Drone  
  71  8:56  Zergling x2  
  71  8:57  Zergling x4  
  71  8:58  Drone  
  71  9:01  Overlord  
  73  9:03  Overlord  
  73  9:08  Overlord  
  73  9:10  Overlord  
  73  9:16  Overlord, Extractor  
  72  9:20  Queen  
  72  9:24  Zergling x10  
  77  9:27  Queen  
  81  9:37  Overseer  
  81  9:44  Zerg Missile Weapons Level 1  
  80  9:46  Nydus Network  
  80  9:47  Roach Warren  
  80  9:50  Zergling x14  
  82  10:08  Zergling x2  
  82  10:09  Zergling x2  
  83  10:14  Overlord  
  83  10:23  Nydus Canal  
  83  10:28  Roach x7  
  97  10:33  Overlord, Roach x4  
  97  10:35  Hatchery  
  104  10:49  Roach  
  105  10:51  Nydus Canal  
  105  10:52  Queen x3  
  111  11:00  Overlord  
  111  11:04  Infestation Pit  
  109  11:09  Zergling x16  
  108  11:14  Zergling x6  
  108  11:15  Zergling x2  
  108  11:16  Zergling x2  
  108  11:17  Zergling x2  
  105  11:20  Overseer, Zergling x2  
  105  11:23  Zergling x4  
  105  11:25  Zergling x2  
  103  11:26  Zergling x2  
  92  11:34  Queen x2  
  92  11:40  Hive  
  92  11:46  Spore Crawler  
  85  11:51  Overlord x2  
  84  12:00  Zergling x8  
  84  12:01  Overlord x2  
  88  12:02  Overlord  
  88  12:04  Overlord  
  88  12:07  Overlord x2  
  83  12:11  Pathogen Glands  
  72  12:17  Infestor x2  
  72  12:22  Infestor  
  74  12:25  Infestor  
  76  12:31  Zergling x8  
  76  12:35  Zergling x2  
  76  12:36  Zergling x4  
  83  12:40  Spore Crawler  
  83  12:41  Zergling x6  
  85  12:47  Infestor x2  
  85  12:49  Infestor  
  91  12:52  Viper  
  91  12:55  Viper  
  93  12:58  Viper  
  96  13:07  Spore Crawler  
  96  13:08  Infestor x2  
  100  13:20  Zergling x16  
  103  13:28  Zergling x6  
  106  13:35  Overlord x2  
  106  13:37  Overlord  
  106  13:40  Overlord  
  101  13:49  Nydus Canal  
  100  14:00  Drone x2  
  98  14:03  Drone  
  98  14:07  Burrow  
  96  14:11  Drone x2  
  96  14:16  Hatchery  
  89  14:24  Roach x4  
  89  14:26  Roach  
  89  14:27  Roach  
  98  14:32  Roach  
  98  14:34  Roach  
  102  14:38  Roach  
  102  14:40  Roach  
  105  14:53  Roach x4  
  107  15:06  Roach x4  
  103  15:09  Roach  
  95  15:17  Hydralisk Den  
  95  15:18  Drone x4  
  98  15:24  Infestor  
  98  15:26  Infestor  
  102  15:35  Infestor  
  102  15:40  Infestor  
  106  15:48  Hydralisk  
  108  15:52  Hydralisk  
  108  15:56  Hydralisk  
  111  16:01  Hydralisk  
  111  16:05  Extractor  
  111  16:07  Drone x3  
Show
View Real Time Build Order
Export as new Build Order

LiquidTLO Zerg - Winner!

Build Orders: Hatch First 

Get SALT Encoding   

  12  0:00  Drone  
  13  0:12  Overlord  
  13  0:17  Drone  
  14  0:30  Drone x2  
  16  0:50  Hatchery  
  16  0:53  Drone  
  16  1:07  Spawning Pool  
  16  1:10  Drone  
  16  1:14  Drone  
  16  1:16  Extractor  
  16  1:19  Drone  
  17  1:29  Overlord  
  17  1:34  Drone  
  18  1:54  Zergling x2, Queen  
  18  1:55  Zergling x2  
  22  2:02  Queen  
  22  2:03  Zergling x2  
  22  2:06  Zergling x2  
  26  2:15  Metabolic Boost  
  26  2:17  Zergling x2  
  27  2:23  Drone  
  27  2:24  Drone  
  29  2:33  Drone  
  30  2:42  Overlord  
  30  2:43  Baneling Nest  
  29  2:55  Zergling x2  
  29  2:56  Zergling x4  
  32  3:02  Drone x2  
  32  3:03  Drone x2  
  35  3:09  Drone x2  
  38  3:12  Drone  
  38  3:15  Drone  
  39  3:26  Drone, Baneling x4  
  40  3:31  Drone  
  40  3:33  Zergling x2  
  42  3:34  Drone x2  
  42  3:37  Drone  
  43  3:44  Overlord  
  43  3:46  Zergling x2  
  43  3:56  Baneling  
  44  4:02  Zergling x2  
  44  4:03  Zergling x2  
  44  4:04  Zergling x6  
  44  4:05  Queen  
  44  4:06  Zergling x2  
  48  4:12  Queen  
  48  4:15  Evolution Chamber, Baneling x2  
  48  4:16  Drone  
  48  4:18  Drone  
  49  4:25  Zergling x4  
  49  4:28  Drone  
  49  4:29  Overlord  
  52  4:33  Overlord  
  52  4:35  Overlord  
  52  4:44  Zerg Ground Armor Level 1  
  51  4:53  Drone x2  
  51  4:59  Zergling x4  
  55  5:00  Baneling x2  
  55  5:01  Zergling x2  
  55  5:03  Zergling x2  
  55  5:06  Zergling x2  
  55  5:07  Zergling x2  
  59  5:08  Hatchery  
  59  5:10  Zergling x2  
  59  5:12  Zergling x2  
  60  5:15  Zergling x2  
  60  5:16  Baneling  
  60  5:18  Zergling x2  
  58  5:22  Baneling  
  58  5:23  Zergling x4  
  58  5:24  Zergling x4  
  58  5:26  Drone  
  58  5:31  Drone  
  58  5:32  Zergling x2  
  58  5:33  Zergling x2  
  61  5:35  Baneling  
  61  5:36  Baneling  
  61  5:38  Drone  
  61  5:39  Drone, Extractor  
  58  5:53  Zergling x2  
  58  5:55  Zergling x2, Baneling  
  58  5:56  Zergling x6  
  62  5:59  Queen x2  
  62  6:00  Zergling x2  
  56  6:07  Zergling x2  
  56  6:11  Zergling x2  
  54  6:15  Baneling x3  
  53  6:18  Zergling x2  
  53  6:22  Queen  
  53  6:23  Zergling x2  
  53  6:24  Drone  
  58  6:28  Zergling x4  
  58  6:31  Extractor  
  58  6:32  Zergling x2  
  59  6:35  Queen  
  59  6:37  Zergling x2  
  59  6:38  Baneling x2  
  59  6:39  Zergling x2  
  63  6:43  Zergling x4  
  63  6:44  Zergling x4  
  63  6:45  Zergling x4  
  63  6:51  Zergling x2  
  63  6:52  Zergling x2  
  62  6:55  Zergling x2  
  62  6:57  Zergling x4  
  62  6:58  Baneling  
  62  6:59  Drone  
  63  7:02  Baneling x2  
  63  7:03  Zergling x2  
  63  7:04  Drone  
  63  7:06  Baneling  
  63  7:08  Drone  
  66  7:14  Drone  
  60  7:16  Zergling x2  
  60  7:19  Lair  
  60  7:20  Drone  
  60  7:21  Drone x2  
  58  7:26  Spine Crawler, Zergling x4  
  58  7:27  Zergling x2  
  58  7:28  Baneling, Zergling x2  
  61  7:30  Zergling x2  
  61  7:32  Zergling x2  
  61  7:35  Drone  
  63  7:38  Baneling x3  
  63  7:40  Zergling x4  
  65  7:46  Zergling x2  
  65  7:49  Zergling x2  
  65  7:52  Zergling x2  
  65  7:57  Zergling x2  
  61  8:01  Zergling x4  
  57  8:07  Zergling x2  
  57  8:08  Baneling  
  57  8:09  Drone x3  
  57  8:11  Baneling  
  59  8:12  Drone  
  59  8:15  Drone  
  60  8:20  Drone, Spire  
  60  8:21  Drone  
  60  8:22  Baneling x2  
  61  8:28  Zergling x4  
  61  8:32  Drone  
  61  8:33  Drone  
  64  8:37  Drone  
  64  8:39  Overlord  
  65  8:43  Extractor  
  65  8:44  Zergling x2  
  65  8:49  Zergling x2  
  65  8:51  Zergling x2  
  65  8:53  Zergling x2  
  65  8:56  Drone  
  66  9:03  Zergling x2, Extractor  
  66  9:04  Extractor, Baneling x2, Zergling x2  
  66  9:05  Drone  
  66  9:08  Zergling x2  
  68  9:10  Drone x3, Overlord  
  68  9:12  Drone  
  72  9:17  Zerg Melee Weapons Level 1  
  72  9:18  Overlord  
  72  9:20  Drone  
  72  9:21  Drone  
  74  9:25  Overlord  
  74  9:26  Baneling x2  
  74  9:29  Overlord  
  74  9:32  Drone  
  74  9:37  Zerg Flyer Armor Level 1  
  74  9:43  Mutalisk  
  76  9:46  Mutalisk  
  76  9:49  Mutalisk  
  80  9:59  Hatchery  
  78  10:01  Mutalisk  
  78  10:04  Mutalisk  
  78  10:06  Mutalisk  
  85  10:12  Hatchery, Mutalisk  
  85  10:16  Mutalisk  
  85  10:19  Mutalisk  
  89  10:22  Mutalisk  
  89  10:25  Mutalisk  
  93  10:29  Mutalisk  
  93  10:34  Mutalisk  
  97  10:40  Mutalisk  
  95  10:45  Mutalisk  
  95  10:47  Zergling x4  
  95  10:48  Zergling x4  
  95  10:49  Zergling x2  
  95  10:51  Zergling x4  
  95  10:52  Zergling x2  
  95  10:56  Zergling x6  
  98  10:58  Zergling x2  
  98  10:59  Zergling x2  
  98  11:02  Zergling x2  
  101  11:07  Baneling x2  
  98  11:12  Zergling x4  
  98  11:15  Zergling x2  
  98  11:16  Zergling x2  
  97  11:26  Zerg Melee Weapons Level 2  
  97  11:29  Infestation Pit, Zergling x2  
  97  11:30  Zergling x2  
  89  11:33  Drone  
  89  11:34  Zergling x4  
  89  11:35  Zergling x4  
  89  11:36  Zergling x6  
  89  11:38  Zerg Flyer Weapons Level 1  
  89  11:39  Mutalisk  
  96  11:41  Drone  
  96  11:42  Drone  
  96  11:45  Mutalisk  
  100  11:47  Zergling x2  
  100  11:48  Zergling x2  
  100  11:51  Baneling x2  
  100  11:53  Drone  
  103  12:00  Zergling x2  
  103  12:09  Mutalisk  
  103  12:12  Drone  
  103  12:14  Hive  
  103  12:15  Pathogen Glands  
  104  12:16  Overlord, Drone  
  104  12:20  Mutalisk  
  103  12:31  Overlord  
  103  12:33  Overlord, Baneling  
  103  12:34  Baneling x3  
  103  12:35  Mutalisk x2  
  103  12:37  Mutalisk  
  107  12:40  Overlord  
  107  12:42  Drone  
  111  12:44  Drone  
  111  12:51  Infestor x2  
  113  12:56  Drone  
  113  12:57  Drone  
  116  13:01  Drone  
  116  13:03  Drone x3  
  116  13:04  Drone x2, Extractor x2  
  116  13:05  Drone  
  121  13:06  Drone  
  121  13:09  Drone  
  121  13:12  Drone  
  124  13:14  Drone  
  124  13:15  Drone x2  
  127  13:20  Drone  
  127  13:23  Mutalisk  
  127  13:24  Mutalisk x2  
  128  13:27  Mutalisk  
  128  13:30  Mutalisk  
  128  13:31  Mutalisk  
  126  13:37  Ultralisk Cavern  
  126  13:40  Zergling x4  
  126  13:41  Zergling x2  
  126  13:44  Zergling x2  
  126  13:45  Zergling x4  
  126  13:47  Zergling x4  
  124  13:50  Drone  
  117  14:00  Adrenal Glands  
  116  14:08  Zerg Flyer Weapons Level 2  
  116  14:10  Viper  
  116  14:12  Drone  
  116  14:13  Drone, Baneling x3  
  116  14:15  Drone  
  120  14:24  Drone x2  
  120  14:25  Chitinous Plating  
  122  14:36  Ultralisk  
  128  14:44  Overlord  
  128  14:47  Ultralisk  
  126  15:02  Ultralisk  
  127  15:08  Ultralisk  
  127  15:11  Zergling x4  
  127  15:13  Zergling x2  
  118  15:18  Ultralisk  
  118  15:21  Drone, Zergling x2  
  123  15:25  Zergling x14  
  131  15:40  Zergling x2  
  132  15:45  Infestor  
  132  15:46  Infestor  
  132  15:49  Hatchery  
  135  15:53  Infestor  
  137  16:01  Zergling x2  
  137  16:02  Zergling x2  

Tags
 
Add a new tag
Caveats
  • Supply blocks, unpowered buildings, or Contaminate may cause inaccurate times.
  • Supply counts are checked every 10 seconds.